 Dungeon Crawl Stone Soup version 0.31-a0-1163-gcee99d1eea (webtiles) character file.

Game seed: 9107130861460030312

15511 jlumianski the Grappler (level 12, -13/92 HPs)
             Began as a Gnoll Shapeshifter on Dec 8, 2023.
             Was a Priest of Wu Jian.
             Mangled by a komodo dragon (26 damage)
             ... on level 1 of the Lair of Beasts on Dec 9, 2023.
             The game lasted 01:10:26 (14027 turns).

jlumianski the Grappler (Gnoll Shapeshifter)       Turns: 14027, Time: 01:10:27

Health: -13/92     AC:  8    Str: 17    XL:     12   Next: 27%
Magic:  22/22      EV: 21    Int: 11    God:    Wu Jian [***...]
Gold:   465        SH:  0    Dex: 18    Spells: 13/25 levels left

rFire   . .          .
                       - Unarmed
rCold   . . .        (shield currently unavailable)
rNeg    . . .        M - melded +4 chain mail {rC+}
rPois   .            x - +0 helmet
rElec   .            H - +0 cloak
rCorr   .            (no gloves)
SInv    .            E - +1 pair of boots
Will    .....        a - amulet of faith
Stlth   ++           K - +6 ring of dexterity
HPRegen 0.35/turn    z - +4 ring of protection
MPRegen 0.18/turn

%: faith
@: flux-form, glowing
A: glow, contaminating, fangs 1, strong nose, distributed training
a: Begin Untransformation, Renounce Religion, Wall Jump, Serpent's Lash


You were on level 1 of the Lair of Beasts.
You worshipped Wu Jian.
Wu Jian was most pleased with you.
You were something dangerously unstable.
You visited 4 branches of the dungeon, and saw 17 of its levels.
You also visited: Ossuary and Bailey.

You collected 876 gold pieces.
You spent 411 gold pieces at shops.

Inventory:

Hand Weapons
 c - a +1 quick blade of protection
Missiles
 h - 9 boomerangs (quivered)
 n - 10 javelins
 v - 5 darts of dispersal
 F - 5 poisoned darts
 I - 6 throwing nets
Armour
 x - a +0 helmet (worn)
 A - a +0 tower shield
 E - a +1 pair of boots (worn)
 H - a +0 cloak (worn)
 M - a +4 chain mail of cold resistance (melded)
 N - an orb of mayhem
Magical Staves
 o - a staff of death
Jewellery
 a - an amulet of faith (around neck)
 f - a ring of positive energy
 y - a ring of positive energy
 z - a +4 ring of protection (right hand)
 K - a +6 ring of dexterity (left hand)
 U - a ring of ice
Talismans
 d - a flux talisman (active)
 e - a beast talisman
Wands
 C - a wand of acid (6)
 D - a wand of polymorph (2)
Scrolls
 g - 6 scrolls of teleportation
 i - a scroll of fog
 q - a scroll of fear {unknown}
 u - a scroll of noise {unknown}
 J - 2 scrolls of revelation
Potions
 b - a potion of lignification
 j - a potion of enlightenment
 k - 4 potions of heal wounds
 l - 2 potions of resistance
 m - a potion of cancellation {unknown}
 p - 6 potions of curing
 r - 3 potions of magic
 s - a potion of attraction
 t - a potion of might {unknown}
 w - a potion of brilliance {unknown}
 B - a potion of degeneration {unknown}
 L - a potion of ambrosia {unknown}
 R - a potion of invisibility {unknown}
Miscellaneous
 O - a lightning rod (4/4)


   Skills:
 + Level 7.7 Fighting
 + Level 7.2 Short Blades
 + Level 7.2 Long Blades
 + Level 7.2 Axes
 + Level 7.2 Maces & Flails
 + Level 7.2 Polearms
 + Level 7.2 Staves
 + Level 7.2 Ranged Weapons
 + Level 7.2 Throwing
 + Level 7.2 Armour
 + Level 8.7 Dodging
 + Level 7.2 Stealth
 + Level 7.2 Shields
 + Level 9.8 Unarmed Combat
 + Level 7.2 Spellcasting
 + Level 6.0 Conjurations
 + Level 6.0 Hexes
 + Level 6.0 Summonings
 + Level 6.0 Necromancy
 + Level 6.0 Translocations
 + Level 6.0 Transmutations
 + Level 6.0 Fire Magic
 + Level 6.0 Ice Magic
 + Level 6.0 Air Magic
 + Level 6.0 Earth Magic
 + Level 6.0 Poison Magic
 + Level 8.0 Invocations
 + Level 7.2 Evocations
 + Level 9.4 Shapeshifting


You had 13 spell levels left.
You knew the following spells:

 Your Spells              Type           Power      Damage    Failure   Level
a - Volatile Blastmotes   Fire/Tloc      34%        2d12      4%          3
b - Searing Ray           Conj           34%        2d5       2%          2
c - Inner Flame           Hex/Fire       17%        N/A       4%          3
d - Summon Lightning Spi  Summ/Air       17%        N/A       14%         4

Your spell library contained the following spells:

 Spells                   Type           Power      Damage    Failure   Level
 Magic Dart               Conj           68%        1d6       1%          1
 Shock                    Conj/Air       68%        1d7       1%          1
 Cigotuvi's Dreadful Rot  Necr/Pois/Air  34%        N/A       2%          2
 Scorch                   Fire           34%        2d6       2%          2
 Dazzling Flash           Conj/Hex       34%        N/A       4%          3
 Ignite Poison            Fire/Tmut/Pois 17%        N/A       4%          3
 Swiftness                Air            17%        N/A       4%          3
 Airstrike                Air            8%         2d(2-18)  14%         4
 Flame Wave               Conj/Fire      17%        2d7       14%         4
 Fulminant Prism          Conj/Hex       8%         3d7       14%         4
 Manifold Assault         Tloc           17%        N/A       14%         4
 Sticky Flame             Conj/Fire      17%        2d4       14%         4
 Arcjolt                  Conj/Air       8%         1d18      36%         5
 Freezing Cloud           Conj/Ice/Air   8%         6-21      36%         5
 Dispersal                Tloc           8%         N/A       91%         6
 Plasma Beam              Fire/Air       8%         2x1d19    91%         6
 Starburst                Conj/Fire      8%         6d4       91%         6
 Summon Cactus Giant      Summ           8%         N/A       91%         6
 Disjunction              Tloc           8%         N/A       100%        8
 Maxwell's Capacitive Co  Air            8%         ∞         100%        8
 Chain Lightning          Conj/Air       8%         3d11      100%        9
 Fire Storm               Conj/Fire      8%         8d2       100%        9
 Shatter                  Erth           8%         3d10*     100%        9


Dungeon Overview and Level Annotations

Branches:
Dungeon (13/15)            Temple (1/1) D:7            Lair (1/5) D:9
    Orc (2/2) D:9         Ossuary (visited)          Bailey (visited)
    Elf: Orc:2       Vaults: D:13-14

Altars:
Ashenzari
Cheibriados
Dithmenos
Elyvilon
Fedhas
Gozag
Hepliaklqana
Kikubaaqudgha
Makhleb
Nemelex Xobeh
Okawaru
Qazlal
Ru
Sif Muna
Trog
Uskayaw
Vehumet
Wu Jian
Xom
Yredelemnul
Zin
The Shining One

Shops:
D:1 [   D:7 [   D:8 *   D:9 **[(*   D:12 (


Innate Abilities, Weirdness & Mutations

You are something dangerously unstable.
You glow with magical radiation, making you easy to see and hit.
Foes you strike become dangerously contaminated with magical radiation.
You are incapable of wielding weapons or throwing items.
You have very sharp teeth.
Your uncanny sense of smell can sniff out nearby items.
Your experience applies equally to all skills.


Message History

You hit the yak.
The yak begins to glow.
The yak is lightly wounded.
You feel sick. The yak gores you.
You punch the yak!
The yak glows dangerously bright.
You bite the yak, but do no damage.
The yak is moderately wounded.
You feel sick. The yak gores you.
You punch the yak!
The yak shudders as magic cascades through it!
The yak twists and deforms.
The yak is severely wounded.
You punch the yak!
The yak begins to glow.
The yak is moderately wounded.
You feel sick.
You are no longer poisoned.
You hit the yak.
The yak glows dangerously bright.
The yak is moderately wounded.
You hit the yak.
The yak shudders as magic cascades through it.
The yak twists and deforms.
The yak is heavily wounded.
The yak closely misses you.
You punch the yak!
The yak begins to glow.
The yak is severely wounded.
The yak gores you!
You hit the yak.
The yak glows dangerously bright.
The yak is almost dead.
The yak barely misses you.
You hit the yak.
The yak shudders as magic cascades through it!!
You kill the yak!
The Council accepts your kill.
Your Invocations skill increases to level 8!
You barely miss the komodo dragon. The komodo dragon bites you!!
* * * LOW HITPOINT WARNING * * *
The komodo dragon attacks as it pursues you!
The komodo dragon closely misses you.
The komodo dragon attacks as it pursues you!
The komodo dragon bites you!!
You die... .. ...... ....#.#.####...
PPP

PP.##...Y......#
PP...PPP....##Y####P##
.PP..P..PP...# #.#
....P⌠P.....# #F#
.PP..P..PP.# #.#
.PPP..)PPP.# #l#


.PPPPPPPPP.#####p# ∆ ..PPPPPPP........# ...........####### ...<...#.###
..######.# . #[# #.## #.P# #### #..###..###### You could see a komodo dragon, 2
yaks and a cane toad.

Vanquished Creatures
  An ettin (D:9)
  2 two-headed ogres
  An orc knight (Orc:1)
  Pikel (D:8)
  A cyclops (D:11)
  A manticore (D:11)
  A gargoyle (D:11)
  A cane toad (Lair:1)
  5 trolls
  2 hornets
  A wraith (D:10)
  17 yaks
  A vampire (D:5)
  2 shadows
  A water elemental (D:11)
  2 steam dragons (D:7)
  Menkaure (D:5)
  A warg (Orc:1)
  Edmund (D:6)
  6 orc warriors
  2 ice beasts (D:5)
  2 sky beasts
  4 ogres
  5 wolves (Bailey)
  5 centaurs
  4 lemures
  An elf zombie (Ossuary)
  3 kobold brigands
  A phantom (D:5)
  3 bullfrogs
  6 scorpions
  8 gnoll sergeants (Bailey)
  17 wights
  3 killer bees (D:9)
  A howler monkey (D:8)
  3 electric eels (D:11)
  2 centaur zombies (Ossuary)
  A human zombie (Ossuary)
  2 jellies
  6 gnoll boudas
  4 orc priests
  8 hounds
  Crazy Yiuf (D:3)
  3 iguanas
  11 orc wizards
  2 sleepcaps (D:5)
  A hound zombie (Ossuary)
  3 mummies (Ossuary)
  24 gnolls
  6 adders
  2 shadow imps
  2 adder zombies (Ossuary)
  2 worms
  3 dart slugs
  31 orcs
  A bat (D:3)
  3 endoplasms
  3 giant cockroaches
  2 gnoll zombies (Ossuary)
  2 goblins
  10 jackals
  19 kobolds
  A quokka (D:2)
  3 ball pythons
  3 frilled lizards
  5 goblin zombies (Ossuary)
  2 hobgoblin zombies (Ossuary)
  3 jackal zombies (Ossuary)
  5 kobold zombies (Ossuary)
  2 orc zombies (Ossuary)
  3 quokka zombies (Ossuary)
  2 rats (D:2)
  2 rat zombies (Ossuary)
302 creatures vanquished.

Notes
Turn   | Place    | Note
-------+----------+-------------------------------------------
     0 | D:1      | jlumianski the Gnoll Shapeshifter began the quest for the
                  | Orb.
     0 | D:1      | Reached XP level 1. HP: 17/17 MP: 1/1
   163 | D:2      | Reached XP level 2. HP: 23/23 MP: 2/2
   290 | D:3      | Found an opulent altar of Gozag.
   397 | D:2      | Reached XP level 3. HP: 28/28 MP: 3/3
   443 | D:1      | Found Etisk's Armour Shoppe.
   496 | D:2      | Reached skill level 1 in Invocations
   581 | D:3      | Reached skill level 1 in Short Blades
   581 | D:3      | Reached skill level 1 in Long Blades
   581 | D:3      | Reached skill level 1 in Axes
   581 | D:3      | Reached skill level 1 in Maces & Flails
   581 | D:3      | Reached skill level 1 in Polearms
   581 | D:3      | Reached skill level 1 in Staves
   581 | D:3      | Reached skill level 1 in Ranged Weapons
   581 | D:3      | Reached skill level 1 in Throwing
   581 | D:3      | Reached skill level 1 in Armour
   581 | D:3      | Reached skill level 1 in Stealth
   581 | D:3      | Reached skill level 1 in Shields
   581 | D:3      | Reached skill level 1 in Spellcasting
   581 | D:3      | Reached skill level 1 in Evocations
   581 | D:3      | Reached XP level 4. HP: 20/34 MP: 5/5
   629 | D:3      | Reached skill level 1 in Conjurations
   629 | D:3      | Reached skill level 1 in Hexes
   629 | D:3      | Reached skill level 1 in Summonings
   629 | D:3      | Reached skill level 1 in Necromancy
   629 | D:3      | Reached skill level 1 in Translocations
   629 | D:3      | Reached skill level 1 in Transmutations
   629 | D:3      | Reached skill level 1 in Fire Magic
   629 | D:3      | Reached skill level 1 in Ice Magic
   629 | D:3      | Reached skill level 1 in Air Magic
   629 | D:3      | Reached skill level 1 in Earth Magic
   629 | D:3      | Reached skill level 1 in Poison Magic
   724 | D:3      | Found a hazy altar of Hepliaklqana.
   768 | D:3      | Found a faded altar of an unknown god.
   841 | D:3      | Reached XP level 5. HP: 36/40 MP: 5/7
  1072 | D:4      | Found a shimmering altar of Xom.
  1105 | D:4      | Found an ancient bone altar of Kikubaaqudgha.
  1271 | D:4      | Reached XP level 6. HP: 47/47 MP: 8/8
  1284 | D:4      | Found a hide-covered altar of Uskayaw.
  1666 | D:4      | Found a sand-covered staircase.
  1671 | Ossuary  | Entered an ossuary
  1803 | Ossuary  | Reached skill level 5 in Dodging
  1990 | Ossuary  | Reached XP level 7. HP: 31/52 MP: 10/10
  2353 | D:3      | Found a runed translucent door.
  2354 | D:3      | Noticed Crazy Yiuf
  2407 | D:3      | Upgraded the game from 0.31-a0-1074-g0b22e4e0f1 to
                  | 0.31-a0-1163-gcee99d1eea
  2741 | D:5      | Entered Level 5 of the Dungeon
  3039 | D:5      | Noticed Menkaure
  3079 | D:5      | Killed Menkaure
  3241 | D:5      | Reached XP level 8. HP: 50/60 MP: 12/12
  3885 | D:5      | Noticed a vampire
  3909 | D:5      | Killed a vampire
  3925 | D:5      | Got the Enchiridion on Puissant Thunder
  4105 | D:5      | Reached XP level 9. HP: 57/66 MP: 14/14
  4457 | D:6      | Noticed Edmund
  4469 | D:6      | Killed Edmund
  4470 | D:6      | Reached skill level 5 in Fighting
  4486 | D:7      | Found Buhen's Armour Shop.
  4501 | D:7      | Found a staircase to the Ecumenical Temple.
  4507 | D:7      | Bought a +1 pair of boots for 149 gold pieces
  4519 | Temple   | Entered the Ecumenical Temple
  4550 | Temple   | Became a worshipper of the Wu Jian Council
  4825 | D:3      | Killed Crazy Yiuf
  4942 | D:5      | Reached skill level 5 in Invocations
  5145 | D:6      | Found a broken altar of Ashenzari.
  5430 | D:7      | Found a burning altar of Makhleb.
  5629 | D:8      | Noticed Pikel
  5640 | D:8      | Killed Pikel
  5641 | D:8      | Reached skill level 5 in Short Blades
  5641 | D:8      | Reached skill level 5 in Long Blades
  5641 | D:8      | Reached skill level 5 in Axes
  5641 | D:8      | Reached skill level 5 in Maces & Flails
  5641 | D:8      | Reached skill level 5 in Polearms
  5641 | D:8      | Reached skill level 5 in Staves
  5641 | D:8      | Reached skill level 5 in Ranged Weapons
  5641 | D:8      | Reached skill level 5 in Throwing
  5641 | D:8      | Reached skill level 5 in Armour
  5641 | D:8      | Reached skill level 5 in Stealth
  5641 | D:8      | Reached skill level 5 in Shields
  5641 | D:8      | Reached skill level 5 in Spellcasting
  5641 | D:8      | Reached skill level 5 in Evocations
  5641 | D:8      | Reached XP level 10. HP: 76/76 MP: 17/17
  5828 | D:9      | Found Guridigg's Armour Emporium.
  5846 | D:9      | Found a staircase to the Orcish Mines.
  5848 | D:9      | Found Atothy's Weapon Emporium.
  5928 | D:9      | Reached * piety under Wu Jian
  5971 | D:9      | Found a flagged portal.
  5978 | Bailey   | Entered a bailey
  6543 | Bailey   | Reached ** piety under Wu Jian
  6798 | D:9      | Found Bucauliz's Specific Store.
  6802 | D:9      | Found Rugejy's General Store.
  6892 | D:8      | Learned a level 3 spell: Volatile Blastmotes
  6895 | D:8      | Learned a level 2 spell: Searing Ray
  7055 | D:7      | Found a snail-covered altar of Cheibriados.
  7861 | D:8      | Found Ruodgh's Changing Room.
  7871 | D:8      | Bought a potion of mutation for 112 gold pieces
  8163 | D:9      | Found a staircase to the Lair.
  8209 | D:10     | Entered Level 10 of the Dungeon
  8638 | D:9      | Learned a level 3 spell: Inner Flame
  8700 | D:9      | Reached XP level 11. HP: 82/83 MP: 19/19
  8895 | D:9      | Found Daghok's Lightly-Used Armoury.
  8925 | D:9      | Bought a -1 quick blade for 150 gold pieces
  8968 | Lair:1   | Entered Level 1 of the Lair of Beasts
  9069 | D:9      | Reached skill level 5 in Conjurations
  9069 | D:9      | Reached skill level 5 in Hexes
  9069 | D:9      | Reached skill level 5 in Summonings
  9069 | D:9      | Reached skill level 5 in Necromancy
  9069 | D:9      | Reached skill level 5 in Translocations
  9069 | D:9      | Reached skill level 5 in Transmutations
  9069 | D:9      | Reached skill level 5 in Fire Magic
  9069 | D:9      | Reached skill level 5 in Ice Magic
  9069 | D:9      | Reached skill level 5 in Air Magic
  9069 | D:9      | Reached skill level 5 in Earth Magic
  9069 | D:9      | Reached skill level 5 in Poison Magic
  9462 | D:10     | Reached *** piety under Wu Jian
  9572 | D:10     | Found a shadowy altar of Dithmenos.
  9587 | D:10     | Noticed a two-headed ogre
  9593 | D:10     | Killed a two-headed ogre
  9689 | D:10     | Found a bloodstained altar of Trog.
 10209 | D:11     | Noticed a cyclops
 10216 | D:11     | Killed a cyclops
 10252 | D:11     | Noticed a manticore
 10259 | D:11     | Killed a manticore
 10304 | D:11     | Noticed a two-headed ogre
 10313 | D:11     | Killed a two-headed ogre
 10979 | D:12     | Found Bubly's Weapon Boutique.
 11097 | D:13     | Noticed a tengu warrior
 12548 | Orc:1    | Entered Level 1 of the Orcish Mines
 12583 | D:9      | Reached XP level 12. HP: 64/91 MP: 22/22
 12955 | Orc:1    | Noticed an ettin
 13036 | D:9      | Learned a level 4 spell: Summon Lightning Spire
 13311 | D:9      | Killed an ettin
 13906 | Orc:2    | Entered Level 2 of the Orcish Mines
 13907 | Orc:2    | Noticed an orc high priest
 14027 | Lair:1   | Mangled by a komodo dragon

Illustrated notes

Levels and vault maps discovered:
D:1:      dpeg_arrival_rooms_with_view, layout_rooms, serial_shops,
          nicolae_shop_window_shopping, dreamdust_princess_bridge,
          chequers_jeans
D:2:      layout_basic
D:3:      layout_rooms, old_standard_altar, nicolae_hepliaklqana_hazy_memory,
          shapermc_ecumenical_altar_pompeii, uniq_crazy_yiuf_cottage
D:4:      layout_cave_pods, old_standard_altar, mainiacjoe_overflow_two_lobes,
          enter_ossuary_2
D:5:      kennysheep_windowed_halls, layout_rooms, uniq_menkaure
D:6:      layout_rooms, mainiacjoe_overflow_boulevard, uniq_edmund
D:7:      layout_rooms, mainiacjoe_overflow_24_doors,
          mainiacjoe_overflow_brackets, minmay_temple_entry_steel_oval,
          serial_shops, shop
D:8:      layout_loops_cross, serial_rivers, chequers_serial_rivers_small_b,
          chequers_serial_rivers_room_b, chequers_serial_rivers_small_3,
          chequers_serial_rivers_room_b, nicolae_transmutations_shop,
          nicolae_two_hexagons, uniq_pikel
D:9:      layout_cave_pods, lair_entry_dummy, orc_david_3, enter_bailey_2,
          minmay_shop_damaged, nicolae_specific_store
D:10:     layout_gridville, old_standard_altar, mainiacjoe_overflow_paths
D:11:     layout_basic, serial_curves, eino_curves_01, eino_curves_03
D:12:     layout_basic, serial_shops, nicolae_lakefront_shop, led_sif_book
D:13:     minmay_octo_star, layout_cave_pools
Temple:   hc_temple_tempest_star
Lair:1:   layout_loops_ring, pdpol_lair_neglected_garden, uniq_jeremiah
Orc:1:    layout_caves
Orc:2:    st_orc_rangers, layout_diamond_mine, uniq_josephine

Skill      XL: |  1  2  3  4  5  6  7  8  9 10 11 12 |
---------------+-------------------------------------+-----
Invocations    | 1 2 3 4 5 6 7 8 |  8.0
Short Blades   | 1 2 3 5 6 7 |  7.2
Long Blades    | 1 2 3 5 6 7 |  7.2
Axes           | 1 2 3 5 6 7 |  7.2
Maces & Flails | 1 2 3 5 6 7 |  7.2
Polearms       | 1 2 3 5 6 7 |  7.2
Staves         | 1 2 3 5 6 7 |  7.2
Ranged Weapons | 1 2 3 5 6 7 |  7.2
Throwing       | 1 2 3 5 6 7 |  7.2
Armour         | 1 2 3 5 6 7 |  7.2
Stealth        | 1 2 3 5 6 7 |  7.2
Shields        | 1 2 3 5 6 7 |  7.2
Spellcasting   | 1 2 3 5 6 7 |  7.2
Evocations     | 1 2 3 5 6 7 |  7.2
Conjurations   | 1 2 3 4 5 6 |  6.0
Hexes          | 1 2 3 4 5 6 |  6.0
Summonings     | 1 2 3 4 5 6 |  6.0
Necromancy     | 1 2 3 4 5 6 |  6.0
Translocations | 1 2 3 4 5 6 |  6.0
Transmutations | 1 2 3 4 5 6 |  6.0
Fire Magic     | 1 2 3 4 5 6 |  6.0
Ice Magic      | 1 2 3 4 5 6 |  6.0
Air Magic      | 1 2 3 4 5 6 |  6.0
Earth Magic    | 1 2 3 4 5 6 |  6.0
Poison Magic   | 1 2 3 4 5 6 |  6.0
Fighting       | 3 4 5 6 7 |  7.7
Dodging        | 5 6 7 8 |  8.7
Unarmed Combat | 7 8 9 |  9.8
Shapeshifting  | 7 8 9 |  9.4

Action                     |  1- 3 |  4- 6 |  7- 9 | 10-12 || total
---------------------------+-------+-------+-------+-------++-------
  Melee: Unarmed           |    66 |   181 |   381 |   650 ||  1278
         Bite              |     7 |    22 |    43 |   101 ||   173
         Punch             |     1 |     2 |       |       ||     3
  Throw: Javelin           |       |     2 |       |       ||     2
   Cast: Volatile Blastmot |       |       |       |     3 ||     3
         Searing Ray       |       |       |       |     4 ||     4
         Summon Lightning  |       |       |       |     1 ||     1
 Invoke: Serpent's Lash    |       |       |       |     1 ||     1
Ability: Lunge             |       |       |     8 |    57 ||    65
         Whirlwind         |       |       |       |    42 ||    42
         Wall Jump         |       |       |       |    21 ||    21
  Evoke: Lightning rod     |       |       |       |     2 ||     2
    Use: Scroll            |       |     4 |     4 |     8 ||    16
         Potion            |       |     1 |     5 |     1 ||     7
   Stab: Distracted        |     1 |       |       |       ||     1
         Sleeping          |       |       |       |     2 ||     2
 Armour: Chain mail        |    60 |   132 |   247 |   112 ||   551
         Skin              |       |       |       |   180 ||   180
  Dodge: Dodged            |    32 |    59 |   202 |   462 ||   755
   Form: Flux              |       |     1 |       |     2 ||     3
                           |       |       |       |     1 ||     1
         Beast             |       |       |       |     1 ||     1

Table legend: (Time is in decaauts)
 A = Elapsed time spent in this place.
 B = Non-inter-level travel time spent in this place.
 C = Inter-level travel time spent in this place.
 D = Time resting spent in this place.
 E = Time spent auto-exploring this place.
 F = Levels seen in this place.
 G = Mean time per level.
                   A        B        C        D        E       F      G
               +--------+--------+--------+--------+--------+-----+--------+
         Total |  13945 |  13252 |    693 |   2551 |   5618 |  19 |  733.9 |
       Dungeon |  12204 |  11526 |    678 |   2212 |   5441 |  13 |  938.8 |
        Temple |    104 |    104 |      0 |     22 |      0 |   1 |  104.0 |
          Lair |     71 |     69 |      2 |      0 |      7 |   1 |   71.0 |
  Orcish Mines |    392 |    380 |     12 |    107 |    137 |   2 |  196.0 |
       Ossuary |    425 |    425 |      0 |     74 |     33 |   1 |  425.0 |
        Bailey |    746 |    746 |      0 |    136 |      0 |   1 |  746.0 |
               +--------+--------+--------+--------+--------+-----+--------+

Top non-repeatable levels by time:
     D:9: 2210 daAuts
    D:11: 1908 daAuts
     D:5: 1533 daAuts
     D:8: 1272 daAuts
     D:4: 1147 daAuts
    D:10: 967 daAuts
     D:3: 819 daAuts
     D:7: 817 daAuts
  Bailey: 746 daAuts
     D:6: 696 daAuts
 Ossuary: 425 daAuts
   Orc:1: 389 daAuts
     D:2: 377 daAuts
    D:12: 375 daAuts
  Temple: 104 daAuts
